AoeStats
← CTM | Pentrus

Lombardia

510260541Analyzed
4v4 RM · 1d ago on Sep 30, 2026· 16m 10s· 8 players
Game mode
Random Map
Map size
Large (8 player)
Population
200
Speed
Normal
Resources
Standard
Victory
Conquest
Starting age
Dark Age
Ending age
Imperial Age
RankedLock teamsTeams togetherTeam positionsShared explorationLock speedFull tech treeHidden civsTurbo modeCheats
Victory
Defeat
🇵🇪 Saracens · Peru
1501
+14
🇲🇽 Hindustanis · Mexico
1463
+16
🇲🇽 Vietnamese · Mexico
1374
+20
🇲🇽 Mongols · Mexico
1369
+20
🇭🇺 Bohemians · Hungary
1491
-19
🇺🇸 Magyars · United States
1483
-18
🇨🇴 Italians · Colombia
1481
-18
🇦🇷 Persians · Argentina
1386
-15
JairoElChigüi
6:38 Loom
9:18 Feudal Age
9:50 Double-Bit Axe
13:39 Town Watch
13:52 Fletching
MooSpecial
7:00 Loom
9:22 Feudal Age
9:59 Double-Bit Axe
10:14 Horse Collar
16:32 Wheelbarrow
16:22 Bloodlines
PZ|NagyGeri1
8:49 Loom
11:17 Feudal Age
11:51 Double-Bit Axe
jj
8:16 Loom
10:32 Feudal Age
16:04 Castle Age
14:04 Double-Bit Axe
15:43 Scale Barding Armor
16:36 Bloodlines
viktorcal999
6:26 Loom
8:53 Feudal Age
Hila Artz
8:53 Feudal Age
9:43 Horse Collar
9:51 Double-Bit Axe
11:55 Bloodlines
11:53 Loom
14:09 Bloodlines
15:22 Forging
Manquito 3000
2:10 Loom
10:45 Feudal Age
11:42 Horse Collar
CTM | Pentrus
6:32 Loom
9:19 Feudal Age
12:22 Fletching
15:19 Padded Archer Armor
Connection lost

Rejoining the realm…

Still unreachable

The connection could not be restored.

Session expired

The server has moved on; the page needs a fresh start.